 Dungeon Crawl Stone Soup version 0.31-a0-150-g89dc3ad700 (webtiles) character file.

Game seed: 17223957734980075209

139498 Drazool the Fencer (level 16, -7/124 HPs)
             Began as a Vampire Monk on June 9, 2023.
             Was a High Priest of Okawaru.
             Shot with a bolt by a naga sharpshooter (20 damage)
             ... on level 2 of the Snake Pit.
             The game lasted 01:42:29 (22089 turns).

Drazool the Fencer (Vampire Monk)                  Turns: 22089, Time: 01:42:29

Health: -7/124     AC: 12    Str: 10    XL:     16   Next: 73%
Magic:  23/23      EV: 40    Int: 19    God:    Okawaru [*****.]
Gold:   843        SH:  0    Dex: 43    Spells: 15/15 levels left

rFire   . . .        C - +5 triple sword (flame)
rCold   . . .        (shield currently unavailable)
rNeg    . . .        S - +1 robe of Vines {NoPotionHeal Regen++++}
rPois   +            p - +1 helmet "Jocihudi" {Dex+5}
rElec   .            O - scarf {+Inv}
rCorr   .            P - +2 pair of gloves of Itiann {Dex+5 SInv}
SInv    +            o - +2 pair of boots
Will    +....        j - amulet of regeneration
Stlth   +++          D - +6 ring of dexterity
HPRegen 4.60/turn    i - ring "Kushruplao" {rPois EV+5 Int+6 Dex+3 SInv}
MPRegen 0.18/turn

%: no passive effects
@: healing quickly
A: alive, fangs 3, see invisible, vampiric 2
a: Exsanguinate, Renounce Religion, Evoke Invisibility, Heroism, Finesse, Duel


You were on level 2 of the Snake Pit.
You worshipped Okawaru.
Okawaru was extremely pleased with you.
You visited 5 branches of the dungeon, and saw 25 of its levels.
You visited the Abyss 1 time.
You also visited: Sewer, Bailey and Ice Cave.

You collected 2611 gold pieces.
You spent 1768 gold pieces at shops.


Innate Abilities, Weirdness & Mutations

Your natural rate of healing is accelerated.
You have razor-sharp teeth.
You have supernaturally acute eyesight. (SInv)
You are afflicted with vampirism and can become a bat while bloodless.


   Skills:
 + Level 10.7 Fighting
 * Level 18.9 Long Blades
 - Level 8.8 Throwing
 - Level 6.6 Armour
 + Level 14.3 Dodging
 + Level 9.5 Invocations
 + Level 6.8 Evocations


You had 15 spell levels left.
You didn't know any spells.
Your spell library contained the following spells:

 Spells                   Type           Power      Damage    Failure   Level
 Slow                     Hex            0%         N/A       21%         1
 Cigotuvi's Dreadful Rot  Necr/Pois/Air  0%         N/A       30%         2
 Confusing Touch          Hex            0%         N/A       52%         3
 Frozen Ramparts          Ice            0%         1d1       52%         3
 Hailstorm                Conj/Ice       0%         3d3       52%         3
 Vampiric Draining        Necr           0%         2d6       52%         3
 Dispel Undead            Necr           0%         3d6       90%         4
 Ice Form                 Ice/Tmut       0%         N/A       90%         4
 Passage of Golubria      Tloc           0%         N/A       90%         4
 Yara's Violent Unravell  Hex/Tmut       0%         3d3       99%         5
 Polar Vortex             Ice            0%         N/A       100%        9
 Tukima's Dance           Hex            Unusable   N/A       N/A         3
 Death Channel            Necr           Unusable   N/A       N/A         6
 Simulacrum               Ice/Necr       Unusable   N/A       N/A         6

Inventory:

Hand Weapons
 a - a +4 great sword of electrocution
 b - a +0 scimitar of flaming
 C - a +5 triple sword of flaming (weapon)
Missiles
 g - 6 javelins
 u - 51 poisoned darts (quivered)
 M - 5 silver javelins
Armour
 o - a +2 pair of boots (worn)
 p - the +1 helmet "Jocihudi" (worn) {Dex+5}
   (Okawaru gifted it to you on level 5 of the Lair of Beasts)

   Dex:       It affects your dexterity (+5).
 O - a scarf of invisibility (worn)
 P - the +2 pair of gloves of Itiann (worn) {Dex+5 SInv}
   (Okawaru gifted it to you on level 1 of the Snake Pit)

   Dex:       It affects your dexterity (+5).
   SInv:      It lets you see invisible.
 S - the +1 robe of Vines (worn) {NoPotionHeal Regen++++}
   (You found it on level 5 of the Lair of Beasts)

   NoPotionHeal: Its wearer cannot be healed by potions.
   Regen:     It increases your rate of health regeneration.
Jewellery
 c - a ring of protection from cold
 i - the ring "Kushruplao" (right hand) {rPois EV+5 Int+6 Dex+3 SInv}
   (You bought it in a shop on level 2 of the Orcish Mines)

   [ring of evasion]

   EV:        It affects your evasion (+5).
   Int:       It affects your intelligence (+6).
   Dex:       It affects your dexterity (+3).
   rPois:     It protects you from poison.
   SInv:      It lets you see invisible.
 j - an amulet of regeneration (around neck)
 l - an amulet of the acrobat
 D - a +6 ring of dexterity (left hand)
 L - a ring of flight
 T - a +4 ring of protection
Wands
 m - a wand of iceblast (20)
 n - a wand of polymorph (4)
 y - a wand of flame (58)
 B - a wand of paralysis (41)
 J - a wand of acid (7)
 V - a wand of mindburst (20)
Scrolls
 f - 5 scrolls of fear
 h - 9 scrolls of teleportation {@r2}
 q - 2 scrolls of enchant armour
 s - 3 scrolls of immolation
 E - a scroll of magic mapping
 H - 3 scrolls of poison
 I - a scroll of enchant weapon
 Q - 2 scrolls of blinking
 U - 2 scrolls of silence {!r}
 W - a scroll of vulnerability
 Z - 2 scrolls of fog
Potions
 e - 3 potions of berserk rage {!q}
 k - a potion of magic
 r - 2 potions of resistance
 t - 6 potions of mutation
 v - 9 potions of brilliance
 w - 3 potions of attraction
 x - 11 potions of curing {@q1}
 z - 6 potions of heal wounds {@q2}
 A - 4 potions of lignification
 F - 5 potions of haste {@q3}
 G - a potion of invisibility
 K - 2 potions of cancellation
 R - 3 potions of might
 X - a potion of enlightenment
 Y - 3 potions of ambrosia
Miscellaneous
 d - a lightning rod (4/4)
 N - a phial of floods

Dungeon Overview and Level Annotations

Branches:
Dungeon (15/15) Temple (1/1) D:4 Lair (5/5) D:10 Shoals (0/4) Lair:3 Snake (2/4) Lair:3 Slime (0/5) Lair:4 Orc (2/2) D:9 Elf (0/3) Orc:2 Vaults (0/5) D:13 D:14 Depths (0/4) D:15 Sewer (visited) Bailey (visited) IceCv (visited)

Altars:
Ashenzari
Cheibriados
Dithmenos
Gozag
Hepliaklqana
Kikubaaqudgha
Makhleb
Nemelex Xobeh
Okawaru
Qazlal
Ru
Sif Muna
Uskayaw
Vehumet
Xom
Yredelemnul
Jiyva

Shops:
D:3 =   Orc:2 ?==[

Annotations:
D:2 1 runed translucent door, Crazy Yiuf
D:9 1 runed translucent door, Dittersdorf's ghost, journeyman GrFi

*.,,,,,*##.[......#
*****#...,,,*#..#....#.#
*,,,*#..N,,,*#.##...#..#
*,,,*.....***#.##.....##
*,,,,,....,* #.....####
*,,,,,*#...* #..##...#
**,,,**#...#######...#
********#####...#####.[.#
,,,,,,,,.......)@)..)...#
********#####..N#####...#
##### #####


You could see a naga sharpshooter.


Message History

The naga sharpshooter magically shoots a bolt.
The bolt hits you!
The naga sharpshooter casts a spell.
The naga sharpshooter magically shoots a bolt.
The bolt hits you!!
* * * LOW HITPOINT WARNING * * *
You slice the naga sharpshooter!! You burn the naga sharpshooter.
The naga sharpshooter is heavily wounded.
The naga sharpshooter shoots a bolt.
The bolt completely misses you.
The naga sharpshooter shoots a bolt.
The bolt hits you!!
* * * LOW HITPOINT WARNING * * *
Unknown command.
You cut the naga sharpshooter into ribbons!!!
You burn the naga sharpshooter!
You kill the naga sharpshooter!
Okawaru accepts your kill.
The naga sharpshooter gestures wildly while chanting.
The naga sharpshooter magically shoots a bolt.
The bolt misses you.
You slash the naga sharpshooter! You burn the naga sharpshooter.
The naga sharpshooter is moderately wounded.
The naga sharpshooter mumbles some strange words.
The naga sharpshooter magically shoots a bolt.
The bolt hits you!!
* * * LOW HITPOINT WARNING * * *
Unknown command.
You slice the naga sharpshooter!! You burn the naga sharpshooter!
The naga sharpshooter is almost dead.
The naga sharpshooter shoots a bolt.
The bolt hits you!!
You die...

Skill      XL: |  1  2  3  4  5  6  7  8  9 10 11 12 13 14 15 16 |
---------------+-------------------------------------------------+-----
Long Blades    | 4 6 7 8 13 14 18 | 18.9
Throwing       | 1 2 3 5 6 7 8 |  8.8
Invocations    | 1 3 5 7 8 9 |  9.5
Fighting       | 3 4 6 7 8 9 10 | 10.7
Armour         | 5 6 |  6.6
Dodging        | 7 8 9 13 14 | 14.3
Evocations     | 5 6 |  6.8

Action                     |  1- 3 |  4- 6 |  7- 9 | 10-12 | 13-15 | 16-18 || total
---------------------------+-------+-------+-------+-------+-------+-------++-------
  Melee: Falchion          |    39 |       |       |       |       |       ||    39
         Bite              |     5 |     8 |    44 |    84 |   152 |    37 ||   330
         Long sword        |    26 |   104 |   154 |       |       |       ||   284
         Scimitar          |       |       |   170 |   279 |    27 |       ||   476
         Great sword       |       |       |       |   281 |   448 |       ||   729
         Punch             |       |       |       |       |     2 |       ||     2
         Triple sword      |       |       |       |       |   590 |   299 ||   889
   Fire: Sling             |       |       |       |    13 |       |       ||    13
  Throw: Javelin           |     4 |     1 |     3 |     6 |    10 |       ||    24
         Dart              |       |     5 |     7 |     8 |    73 |     8 ||   101
         Boomerang         |       |       |    21 |    62 |    29 |       ||   112
 Invoke: Heroism           |       |       |     6 |     4 |     5 |       ||    15
         Finesse           |       |       |       |     1 |     2 |       ||     3
         Duel              |       |       |       |       |       |     2 ||     2
Ability: Exsanguinate      |       |       |     1 |       |       |       ||     1
         Revivify          |       |       |     1 |       |       |       ||     1
         Evoke Invisibilit |       |       |       |       |     2 |       ||     2
  Evoke: Wand              |       |       |       |     4 |     6 |       ||    10
    Use: Scroll            |       |     4 |     2 |    10 |    16 |     1 ||    33
         Potion            |       |       |       |     2 |     1 |       ||     3
   Stab: Paralysed         |       |       |       |     6 |       |       ||     6
         Petrified         |       |       |       |     1 |     4 |       ||     5
         Invisible         |       |       |       |       |     6 |       ||     6
         Sleeping          |       |       |       |       |     6 |       ||     6
         Petrifying        |       |       |       |       |     4 |       ||     4
         Distracted        |       |       |       |       |     1 |     1 ||     2
 Armour: Robe              |    10 |     5 |       |       |    75 |    20 ||   110
         Chain mail        |       |    44 |   209 |   306 |   230 |       ||   789
  Dodge: Dodged            |    37 |    84 |   162 |   251 |  1111 |   436 ||  2081

Levels and vault maps discovered:
D:1:      onia_arrival_zoo_common, layout_loops_corners
D:2:      layout_loops_ring, grunt_ministairs_3, uniq_crazy_yiuf_cottage,
          uniq_robin, uniq_sigmund
D:3:      layout_basic, mainiacjoe_overflow_24_doors, serial_shops,
          nicolae_shop_gaudy_bauble, uniq_jessica, uniq_terence
D:4:      minmay_diamond_boxcup, layout_basic,
          mainiacjoe_overflow_surrounded_room, lemuel_tele_altar,
          elyvilon_altar_1, minmay_temple_entry_wispy
D:5:      layout_loops_corners, mainiacjoe_overflow_alcove_2,
          makhleb_heckhound_becter, cheibrodos_ashenzari_chains,
          due_unseen_surprise, uniq_edmund, uniq_grinder, uniq_ijyb,
          uniq_blork_the_orc
D:6:      layout_rooms, grunt_temple_overflow_order_and_chaos_1,
          mainiacjoe_overflow_cross_hatched, portal_sewer_entry_f,
          serial_bayou_pond_d, chequers_serial_rivers_micro_b
D:7:      layout_basic, lemuel_crystal_altar, enter_bailey_4
D:8:      layout_cave_pools, grunt_temple_overflow_open, serial_ice,
          serial_ice_l, serial_ice_a, serial_ice_d, serial_ice_o,
          minmay_misc_feat_rugged, dk_rats_in_the_wall
D:9:      nzn_winding_woodlands_medium [nzn_winding_woodlands_hourglass,
          nzn_winding_woodlands_5x15_longhouse,
          nzn_winding_woodlands_5x5_perimeter,
          nzn_winding_woodlands_5x5_open_star,
          nzn_winding_woodlands_center_pierced_h,
          nzn_winding_woodlands_5x5_closed_star,
          nzn_winding_woodlands_5x5_cross, nzn_winding_woodlands_5x15_pool,
          nzn_winding_woodlands_5x5_default], layout_rooms, orc_david_3,
          ebering_ghost_xom
D:10:     layout_loops_corners, grunt_lair_entry_orc_guard_hut
D:11:     layout_stronghold
D:12:     layout_cave_pools, uniq_azrael, uniq_frances
D:13:     layout_basic
D:14:     layout_roguey, david_vaults_3, nemelex_xobeh_ov_fountains_minmay,
          nicolae_ru_awakened_eye
D:15:     hangedman_depths_entry_civil_slaughter, layout_long_grid,
          serial_bayou_lagoon_a
Temple:   nicolae_temple_godpark
Lair:1:   layout_hall_layers
Lair:2:   layout_cellular_growth, basic_altar
Lair:3:   layout_regular_city, minmay_shoals_entry_beasts,
          minmay_snake_entry_guardpost_small, chequers_serial_rivers_room_a,
          grunt_forest_small_clearings, nicolae_lair_grove_arrangements,
          cheibrodos_lair_lostbears, serial_bayou_shore_b, uniq_josephine
Lair:4:   layout_cave_pods, nicolae_slime_entry_slimehenge, uniq_snorg
Lair:5:   gammafunk_lair_ancient_temple, layout_gridlike,
          hellmonk_guarded_unrand_vines, serial_bayou_shore_b, uniq_rupert
Snake:1:  layout_honeycomb
Snake:2:  layout_misc_corridors, portal_ice_cave_entry_ice_statue_two
Orc:1:    layout_caves, lightli_volcano_entry_magma_tube, basic_altar,
          nicolae_orc_pool_cavern
Orc:2:    kennysheep_orc_mage_school, layout_diamond_mine,
          nicolae_orc_flooded_monolith

Notes
Turn   | Place    | Note
-------+----------+-------------------------------------------
     0 | D:1      | Drazool the Vampire Monk began the quest for the Orb.
     0 | D:1      | Reached XP level 1. HP: 17/17 MP: 1/1
     6 | D:1      | Noticed an anaconda
     6 | D:1      | Noticed a wolf
     6 | D:1      | Noticed a snapping turtle
     7 | D:1      | Noticed a four-headed hydra
     7 | D:1      | Noticed a redback
   170 | D:1      | Reached XP level 2. HP: 19/23 MP: 2/2
   336 | D:1      | Reached skill level 4 in Long Blades
  1000 | D:2      | Gained mutation: You are afflicted with vampirism and can
                  | become a bat while bloodless. [Vampire growth]
  1000 | D:2      | Reached XP level 3. HP: 14/28 MP: 3/3
  1242 | D:2      | Found a runed translucent door.
  1243 | D:2      | Noticed Crazy Yiuf
  1370 | D:2      | Noticed Sigmund
  1379 | D:2      | Killed Sigmund
  1380 | D:2      | Reached skill level 6 in Long Blades
  1380 | D:2      | Reached XP level 4. HP: 26/34 MP: 4/4
  1380 | D:2      | Reached XP level 5. HP: 30/39 MP: 5/5
  1461 | D:2      | Noticed Robin
  1651 | D:1      | Killed Robin
  1686 | D:2      | Identified the +0 leather armour "Qicwuwa" {Str+2}
  1731 | D:2      | Identified the +12 chain mail "Liwkufex" {+Inv rF+ rC+
                  | rN++}
  2057 | D:3      | Reached XP level 6. HP: 46/46 MP: 6/6
  2110 | D:3      | Found Uxzumij's Jewellery Boutique.
  2274 | D:3      | Noticed Jessica
  2278 | D:3      | Killed Jessica
  2489 | D:3      | Found a basalt altar of Yredelemnul.
  2539 | D:3      | Noticed Terence
  2545 | D:3      | Killed Terence
  2546 | D:3      | Reached skill level 7 in Long Blades
  2678 | D:4      | Found a sparkling altar of Nemelex Xobeh.
  2759 | D:4      | Found a staircase to the Ecumenical Temple.
  2768 | Temple   | Entered the Ecumenical Temple
  2804 | Temple   | Became a worshipper of Warmaster Okawaru
  2804 | Temple   | Reached * piety under Okawaru
  2804 | Temple   | Reached ** piety under Okawaru
  2855 | D:4      | Reached skill level 1 in Throwing
  2950 | D:4      | Reached skill level 1 in Invocations
  3193 | D:4      | Reached XP level 7. HP: 51/51 MP: 7/7
  3383 | D:4      | Found a snail-covered altar of Cheibriados.
  3515 | D:5      | Entered Level 5 of the Dungeon
  3565 | D:5      | Noticed Blork the orc
  3582 | D:5      | Killed Blork the orc
  3583 | D:5      | Reached skill level 8 in Long Blades
  3583 | D:5      | Reached skill level 2 in Throwing
  3583 | D:5      | Reached skill level 2 in Invocations
  3658 | D:5      | Reached *** piety under Okawaru
  3714 | D:5      | Found a sacrificial altar of Ru.
  3909 | D:5      | Noticed Grinder
  3913 | D:5      | Paralysed by Grinder for 5 turns
  3923 | D:5      | Killed Grinder
  3924 | D:5      | Reached skill level 3 in Fighting
  3924 | D:5      | Reached skill level 3 in Invocations
  3924 | D:5      | Reached XP level 8. HP: 56/58 MP: 7/10
  3991 | D:5      | Noticed Ijyb
  4002 | D:5      | Paralysed by Ijyb for 3 turns
  4008 | D:5      | Killed Ijyb
  4047 | D:5      | Found a broken altar of Ashenzari.
  4063 | D:5      | Reached skill level 3 in Throwing
  4145 | D:5      | Reached skill level 4 in Invocations
  4172 | D:5      | Found a burning altar of Makhleb.
  4323 | D:5      | Noticed Edmund
  4336 | D:5      | Killed Edmund
  4531 | D:6      | Reached skill level 4 in Fighting
  4547 | D:6      | Reached skill level 5 in Invocations
  4581 | D:6      | Found a glowing drain.
  4608 | Sewer    | Entered a sewer
  4678 | Sewer    | Reached XP level 9. HP: 48/52 MP: 13/13
  4776 | D:6      | Found an opulent altar of Gozag.
  4817 | D:6      | Reached **** piety under Okawaru
  4818 | D:6      | Reached skill level 4 in Throwing
  4828 | D:6      | Reached skill level 6 in Invocations
  4987 | D:6      | Noticed an angel
  4991 | D:6      | Found a shimmering altar of Xom.
  5221 | D:7      | Reached skill level 5 in Fighting
  5308 | D:7      | Found a hazy altar of Hepliaklqana.
  5324 | D:7      | Reached skill level 7 in Invocations
  5362 | D:7      | Reached skill level 5 in Throwing
  5370 | D:7      | Reached ***** piety under Okawaru
  5370 | D:7      | Received a gift from Okawaru
  5419 | D:7      | Found a flagged portal.
  5442 | Bailey   | Entered a bailey
  5539 | Bailey   | Reached skill level 6 in Fighting
  5557 | Bailey   | Reached XP level 10. HP: 64/76 MP: 15/15
  5594 | Bailey   | Noticed an orc knight
  5633 | Bailey   | Killed an orc knight
  5638 | Bailey   | Noticed an orc warlord
  5650 | Bailey   | Reached skill level 6 in Throwing
  5718 | Bailey   | Killed an orc warlord
  5719 | Bailey   | Reached skill level 7 in Fighting
  5828 | Bailey   | Reached skill level 5 in Armour
  5828 | Bailey   | Reached skill level 7 in Dodging
  5828 | Bailey   | Reached XP level 11. HP: 84/84 MP: 16/16
  6382 | D:8      | Found a shadowy altar of Dithmenos.
  6386 | D:8      | Found a radiant altar of Vehumet.
  6761 | D:9      | Identified the +1 leather armour "Eruhumn" {Harm}
  6792 | D:9      | Reached skill level 7 in Throwing
  6930 | D:9      | Reached skill level 8 in Fighting
  6956 | D:9      | Received a gift from Okawaru
  7020 | D:9      | Found a staircase to the Orcish Mines.
  7026 | D:9      | Noticed a two-headed ogre
  7034 | D:9      | Killed a two-headed ogre
  7043 | D:9      | Identified the +0 dagger "Dunyxki" {freeze, rF+ rCorr
                  | Int+4}
  7066 | D:9      | Identified the +1 sling of Ruyngoonn {drain, +Blink Will+}
  7085 | D:9      | Found a runed translucent door.
  7166 | D:9      | Found a shimmering altar of Xom.
  7166 | D:9      | Noticed a +1 flail of chaos
  7166 | D:9      | Noticed Dittersdorf's ghost (journeyman GrFi)
  7182 | D:9      | Received a gift from Okawaru
  7245 | D:9      | Noticed a deep elf zephyrmancer
  7246 | D:9      | Noticed a purple ugly thing
  7247 | D:9      | Noticed a sun demon
  7250 | D:9      | Noticed a soul eater
  7395 | D:3      | Bought a +6 ring of dexterity for 396 gold pieces
  7395 | D:3      | Bought the ring of Fragile Peace {rPois SInv} for 343 gold
                  | pieces
  7767 | D:9      | Noticed a wizard
  7782 | D:9      | You are cast into the Abyss!
  7782 | Abyss:2  | Cast into level 2 of the Abyss (a wizard)
  7819 | Abyss:2  | Noticed a deep elf sorcerer
  7882 | D:9      | You pass through the gate.
  7882 | D:9      | Escaped the Abyss
  7909 | D:9      | Killed a wizard
  7910 | D:9      | Reached XP level 12. HP: 94/94 MP: 17/17
  7927 | D:9      | Reached skill level 9 in Long Blades
  8229 | D:9      | Reached skill level 10 in Long Blades
  8323 | D:10     | Entered Level 10 of the Dungeon
  8409 | D:10     | Received a gift from Okawaru
  8555 | D:10     | Found a staircase to the Lair.
  8606 | D:10     | Identified the +0 leather armour of Quantum Leap {rC+}
  8961 | D:10     | Reached skill level 11 in Long Blades
  8966 | D:10     | Received a gift from Okawaru
  9369 | Lair:1   | Entered Level 1 of the Lair of Beasts
  9513 | Lair:1   | Reached skill level 12 in Long Blades
  9545 | Lair:1   | Identified the scarf of Submission {harm, Rampage rF+ Int+5
                  | Dex-4} (Okawaru gifted it to you on level 1 of the Lair of
                  | Beasts)
  9545 | Lair:1   | Received a gift from Okawaru
  9582 | Lair:1   | Noticed a catoblepas
  9600 | Lair:1   | Killed a catoblepas
  9765 | Lair:1   | Reached skill level 13 in Long Blades
 10062 | Lair:2   | Found a shadowy altar of Dithmenos.
 10178 | Lair:2   | Reached skill level 8 in Dodging
 10392 | Lair:2   | Reached XP level 13. HP: 98/99 MP: 18/18
 10865 | Lair:3   | Reached skill level 8 in Throwing
 10913 | Lair:3   | Found a staircase to the Snake Pit.
 11025 | Lair:3   | Noticed Josephine
 11036 | Lair:3   | Killed Josephine
 11048 | Lair:3   | Reached skill level 8 in Invocations
 11058 | Lair:3   | Received a gift from Okawaru
 11059 | Lair:3   | Reached skill level 9 in Fighting
 11244 | Lair:3   | Reached ****** piety under Okawaru
 11417 | Lair:3   | Reached skill level 6 in Armour
 11588 | Lair:3   | Found a staircase to the Shoals.
 12258 | Lair:4   | Found a viscous altar of Jiyva.
 12258 | Lair:4   | Found a staircase to the Slime Pits.
 12292 | Lair:4   | Reached skill level 9 in Dodging
 12457 | Lair:4   | Reached skill level 14 in Long Blades
 12463 | Lair:4   | Received a gift from Okawaru
 12873 | Lair:4   | Noticed Snorg
 12891 | Lair:4   | Killed Snorg
 13411 | Lair:5   | Entered Level 5 of the Lair of Beasts
 13427 | Lair:5   | Reached XP level 14. HP: 91/109 MP: 20/20
 13444 | Lair:5   | Found the +1 robe of Vines {NoPotionHeal Regen++++}
 13599 | Lair:5   | Identified the +6 falchion "Nautiaduo" {freeze, rElec rPois
                  | rN+ Stlth-}
 13654 | Lair:5   | Reached skill level 1 in Evocations
 13723 | Lair:5   | Reached skill level 10 in Dodging
 13823 | Lair:5   | Reached skill level 2 in Evocations
 13962 | Lair:5   | Received a gift from Okawaru
 14111 | Lair:5   | Identified the +1 helmet "Jocihudi" {Dex+5} (Okawaru gifted
                  | it to you on level 5 of the Lair of Beasts)
 14111 | Lair:5   | Received a gift from Okawaru
 14131 | Lair:5   | Reached skill level 3 in Evocations
 14134 | Lair:5   | Reached skill level 11 in Dodging
 14293 | Lair:5   | Identified a scroll of acquirement
 14294 | Lair:5   | Acquired a +2 triple sword of flaming
 14312 | Lair:5   | Identified the +8 trident "Ychaxyho" {elec, rN+ Stlth+}
 14707 | Orc:1    | Entered Level 1 of the Orcish Mines
 14707 | Orc:1    | Noticed an orc warlord
 14767 | D:9      | Reached skill level 4 in Evocations
 14777 | D:9      | Killed an orc warlord
 14801 | Orc:1    | Reached skill level 12 in Dodging
 15182 | Orc:2    | Entered Level 2 of the Orcish Mines
 15605 | Orc:2    | Paralysed by an orc sorcerer for 3 turns
 15659 | Orc:2    | Found Oruotz's Magic Scroll Emporium.
 15667 | Orc:2    | Bought a scroll of identify for 24 gold pieces
 15667 | Orc:2    | Bought a scroll of enchant weapon for 90 gold pieces
 15669 | Orc:2    | Bought a scroll of identify for 24 gold pieces
 15669 | Orc:2    | Bought a scroll of identify for 24 gold pieces
 15669 | Orc:2    | Bought a scroll of identify for 24 gold pieces
 15685 | Orc:2    | Found a radiant altar of Vehumet.
 15698 | Orc:2    | Reached skill level 5 in Evocations
 15708 | Orc:2    | Paralysed by an ogre mage for 4 turns
 15730 | Orc:2    | Noticed Nergalle
 15741 | Orc:2    | Killed Nergalle
 15744 | Orc:2    | Found an ancient bone altar of Kikubaaqudgha.
 15813 | Orc:2    | Reached skill level 13 in Dodging
 15900 | Orc:2    | Found Donuupoq's Jewellery Emporium.
 15908 | Orc:2    | Found Issawk's Antique Armour Shoppe.
 15914 | Orc:2    | Found Akkal's Jewellery Shoppe.
 15932 | Orc:2    | Bought the ring "Kushruplao" {rPois EV+5 Int+6 Dex+3 SInv}
                  | for 843 gold pieces
 16003 | Orc:2    | Reached XP level 15. HP: 114/115 MP: 21/21
 16044 | Orc:2    | Found a staircase to the Elven Halls.
 16227 | Orc:1    | Received a gift from Okawaru
 16994 | D:11     | Received a gift from Okawaru
 16995 | D:11     | Reached skill level 15 in Long Blades
 17534 | D:12     | Noticed Frances
 17646 | D:12     | Noticed Azrael
 17652 | D:11     | Killed Frances
 17663 | D:12     | Killed Azrael
 17663 | D:12     | Received a gift from Okawaru
 18484 | D:13     | Identified the staff of earth "Mextiesu" {rF- rN+ Int+3
                  | SInv}
 18623 | D:13     | Reached skill level 16 in Long Blades
 18891 | D:14     | Noticed Rupert
 18891 | D:14     | Found a gate to the Vaults.
 18896 | D:14     | Killed Rupert
 18896 | D:14     | Identified the +2 pair of gloves of the Stars {*Slow rC+
                  | rN++} (Okawaru gifted it to you on level 14 of the Dungeon)
 18896 | D:14     | Received a gift from Okawaru
 19082 | D:14     | Reached skill level 17 in Long Blades
 19118 | D:14     | Found a sacrificial altar of Ru.
 19132 | D:14     | Found a sparkling altar of Nemelex Xobeh.
 19362 | D:14     | Identified a potion of resistance
 19558 | D:15     | Entered Level 15 of the Dungeon
 19680 | D:15     | Received a gift from Okawaru
 19756 | D:15     | Found a staircase to the Depths.
 19997 | D:15     | Reached skill level 18 in Long Blades
 20002 | D:15     | Reached XP level 16. HP: 89/104 MP: 22/22
 20157 | D:15     | Reached skill level 10 in Fighting
 20508 | Snake:1  | Entered Level 1 of the Snake Pit
 20624 | Snake:1  | Identified the +2 pair of gloves of Itiann {Dex+5 SInv}
                  | (Okawaru gifted it to you on level 1 of the Snake Pit)
 20624 | Snake:1  | Received a gift from Okawaru
 20755 | Snake:1  | Reached skill level 9 in Invocations
 20759 | Snake:1  | Reached skill level 6 in Evocations
 21380 | Snake:2  | Found a frozen archway.
 21410 | Snake:2  | Reached skill level 14 in Dodging
 21507 | IceCv    | Entered an ice cave
 21581 | IceCv    | Noticed an Ice Fiend
 21610 | Arena    | Entered the Arena
 21613 | Arena    | Killed an Ice Fiend
 21767 | IceCv    | Noticed an Ice Fiend
 21769 | Arena    | Entered the Arena
 21772 | Arena    | HP: 3/124 [Ice Fiend (37)]
 21773 | Arena    | Killed an Ice Fiend
 21856 | IceCv    | Got the Compendium of Glaciation
 21883 | IceCv    | Identified the +4 ice dragon scales of the Eternal Fruit
                  | {Drain Fly rF- rC++ rN+ Int+3}
 22088 | Snake:2  | HP: 10/124 [naga sharpshooter/bolt (22)]
 22089 | Snake:2  | Shot with a bolt by a naga sharpshooter

Vanquished Creatures
  Rupert (D:14)
  2 Ice Fiends (Arena)
  Frances (D:11)
  A nagaraja (Snake:1)
  2 orc warlords
  A very ugly thing (IceCv)
  A dire elephant (Lair:5)
  Azrael (D:12)
  Snorg (Lair:4)
  An ettin (D:15)
  Josephine (Lair:3)
  6 hydras
  4 catoblepae
  5 centaur warriors
  A merfolk avatar (Lair:5)
  4 ogre magi (Orc:2)
  3 two-headed ogres
  4 anacondas (Snake:1)
  3 boulder beetles
  5 death yaks (Lair:5)
  2 naga warriors (Snake:1)
  A tengu warrior (D:15)
  2 shock serpents (Snake:2)
  6 naga sharpshooters
  Nergalle (Orc:2)
  A salamander mystic (Snake:2)
  5 skeletal warriors (D:14)
  2 skysharks (Lair:5)
  A sea snake (Lair:5)
  2 naga ritualists
  2 deep trolls (D:15)
  A deep troll (shapeshifter) (D:15)
  2 spriggan simulacra (IceCv)
  2 wizards
  A lindwurm (Lair:4)
  4 orc knights
  An obsidian statue (IceCv)
  A mana viper (Snake:2)
  A deep elf zephyrmancer (D:9)
  17 ugly things
  6 salamanders
  11 orc sorcerers
  4 manticores
  13 elephants
  3 oklob plants
  6 cyclopes
  9 black mambas
  2 ice statues (Snake:2)
  A naga mage (Snake:2)
  2 unseen horrors
  12 cane toads
  3 kobold demonologists
  2 tengu conjurers (D:15)
  An efreet (D:9)
  7 ice devils (IceCv)
  12 freezing wraiths
  5 rime drakes
  7 komodo dragons
  A golden dragon simulacrum (IceCv)
  2 wind drakes
  A polar bear (shapeshifter) (D:13)
  6 polar bears
  Grinder (D:5)
  2 hornets
  5 trolls
  13 blink frogs
  A raiju (shapeshifter) (D:13)
  10 slime creatures
  A snapping turtle (Lair:5)
  Sigmund (D:2)
  5 dream sheep (Lair:5)
  A centaur simulacrum (D:14)
  5 shadows
  7 wyverns
  16 humans
  2 vampires
  5 wraiths (Lair:3)
  51 yaks
  2 dire elephant simulacra (IceCv)
  6 basilisks
  A human (shapeshifter) (D:14)
  3 fire elementals
  6 steam dragons
  12 vampire mosquitoes
  Edmund (D:5)
  3 minotaur simulacra (IceCv)
  3 wargs
  18 nagas
  2 hydra simulacra (IceCv)
  5 acid dragons
  2 hell hounds (D:12)
  24 water moccasins
  36 orc warriors
  2 sky beasts (D:7)
  6 black bears
  8 ogres
  An ice beast (D:8)
  9 wolves
  An alligator simulacrum (IceCv)
  8 centaurs
  5 kobold brigands
  A phantom (D:4)
  Blork the orc (D:5)
  10 bullfrogs
  2 deep troll simulacra (IceCv)
  3 gnoll sergeants
  6 scorpions
  13 wights
  11 killer bees
  6 howler monkeys
  An electric eel (D:15)
  5 jellies
  12 orc priests
  3 hounds
  Jessica (D:3)
  2 sleepcaps (D:6)
  Ijyb (D:5)
  Terence (D:3)
  An iguana (D:5)
  35 orc wizards
  5 hell rats (Lair:3)
  Robin (D:1)
  5 adders
  24 gnolls
  6 white imps (D:8)
  An ufetubus (D:7)
  A worm (D:2)
  2 dart slugs (D:3)
  76 orcs
  6 ball pythons
  12 endoplasms
  3 giant cockroaches
  24 goblins
  17 hobgoblins
  9 jackals
  22 kobolds
  5 quokkas
  A bat (D:1)
  4 frilled lizards
  4 rats
852 creatures vanquished.

Vanquished Creatures (others)
  A troll (D:9)
  A blink frog (Lair:3)
  A centaur (D:15)
  An orc (D:7)
  2 kobolds (D:7)
6 creatures vanquished.

Grand Total: 858 creatures vanquished

Table legend: (Time is in decaauts)
 A = Elapsed time spent in this place.
 B = Non-inter-level travel time spent in this place.
 C = Inter-level travel time spent in this place.
 D = Time resting spent in this place.
 E = Time spent auto-exploring this place.
 F = Levels seen in this place.
 G = Mean time per level.
                   A        B        C        D        E       F      G
               +--------+--------+--------+--------+--------+-----+--------+
         Total |  22054 |  20460 |   1594 |    666 |  13716 |  31 |  711.4 |
       Dungeon |  12801 |  11694 |   1107 |    409 |   8227 |  15 |  853.4 |
        Temple |     58 |     43 |     15 |      0 |     26 |   1 |   58.0 |
          Lair |   5305 |   5036 |    269 |    183 |   3375 |   5 | 1061.0 |
     Snake Pit |   1121 |   1073 |     48 |      7 |    674 |   2 |  560.5 |
  Orcish Mines |   1693 |   1540 |    153 |     34 |   1004 |   2 |  846.5 |
         Abyss |    100 |    100 |      0 |      3 |     79 |   1 |  100.0 |
         Sewer |    135 |    135 |      0 |      0 |     78 |   1 |  135.0 |
        Bailey |    415 |    415 |      0 |     30 |    142 |   1 |  415.0 |
      Ice Cave |    404 |    404 |      0 |      0 |    110 |   1 |  404.0 |
         Arena |     18 |     18 |      0 |      0 |      0 |   2 |    9.0 |
               +--------+--------+--------+--------+--------+-----+--------+

Top non-repeatable levels by time:
  Lair:4: 1300 daAuts
     D:9: 1255 daAuts
    D:10: 1251 daAuts
  Lair:5: 1232 daAuts
  Lair:3: 1197 daAuts
     D:1: 1146 daAuts
    D:11: 1083 daAuts
   Orc:2: 1070 daAuts
     D:5: 1044 daAuts
  Lair:2: 919 daAuts
     D:4: 881 daAuts
     D:3: 836 daAuts
 Snake:1: 822 daAuts
    D:15: 802 daAuts
    D:13: 738 daAuts

Table legend:
 A = Non-vault XP
 B = Vault XP
 C = Vault XP percentage of total XP
 D = Non-vault monster count
 E = Vault monster count
 F = Vault count percentage of total count
                 A         B        C        D         E       F
            +---------+---------+-------+---------+---------+-------
      Total |  128403 |   63009 |  32.9 |     585 |     267 |  31.3
            +---------+---------+-------+---------+---------+-------
        D:1 |      38 |      28 |  42.4 |      21 |       8 |  27.6
        D:2 |      35 |     249 |  87.7 |      12 |       6 |  33.3
        D:3 |      39 |      73 |  65.2 |      14 |       2 |  12.5
        D:4 |     218 |     253 |  53.7 |      16 |       6 |  27.3
        D:5 |     534 |     626 |  54.0 |      22 |       5 |  18.5
        D:6 |    1154 |       8 |   0.7 |      14 |       4 |  22.2
        D:7 |    1549 |      11 |   0.7 |      19 |       5 |  20.8
        D:8 |     636 |     186 |  22.6 |      17 |       7 |  29.2
        D:9 |    5582 |    5379 |  49.1 |      41 |      34 |  45.3
       D:10 |    3051 |     616 |  16.8 |      23 |       6 |  20.7
       D:11 |    4098 |    1879 |  31.4 |      34 |       3 |   8.1
       D:12 |    4342 |    1481 |  25.4 |      17 |       4 |  19.0
       D:13 |    3938 |    2695 |  40.6 |      15 |      14 |  48.3
       D:14 |   17350 |    3799 |  18.0 |      42 |       6 |  12.5
       D:15 |    9968 |    4009 |  28.7 |      19 |       6 |  24.0
     Temple |      40 |       0 |   0.0 |       1 |       0 |   0.0
     Lair:1 |    6515 |       0 |   0.0 |      31 |       0 |   0.0
     Lair:2 |    4935 |       0 |   0.0 |      20 |       0 |   0.0
     Lair:3 |    9458 |    3651 |  27.9 |      39 |      12 |  23.5
     Lair:4 |   10244 |    1032 |   9.2 |      30 |       5 |  14.3
     Lair:5 |   12772 |   10574 |  45.3 |      32 |      20 |  38.5
    Snake:1 |   13765 |       0 |   0.0 |      28 |       0 |   0.0
    Snake:2 |   11842 |     898 |   7.0 |      23 |       2 |   8.0
      Orc:1 |    3192 |       0 |   0.0 |      23 |       0 |   0.0
      Orc:2 |    3108 |    7952 |  71.9 |      32 |      34 |  51.5
      Sewer |       0 |     140 | 100.0 |       0 |       3 | 100.0
     Bailey |       0 |    3117 | 100.0 |       0 |      41 | 100.0
      IceCv |       0 |   10897 | 100.0 |       0 |      32 | 100.0
      Arena |       0 |    3456 | 100.0 |       0 |       2 | 100.0
            +---------+---------+-------+---------+---------+-------
